 Dungeon Crawl Stone Soup version 0.29.1-2-gbd0b4ee654 (webtiles) character file.

Game seed: 7797304472753345818

107 zeram the Trooper (level 4, -3/41 HPs)
             Began as a Hill Orc Fighter on Nov 13, 2022.
             Killed by divine providence
             ... invoked by an orc priest
              (12 damage)
             ... on level 4 of the Dungeon.
             The game lasted 00:05:30 (2578 turns).

zeram the Trooper (Hill Orc Fighter)                Turns: 2578, Time: 00:05:30

Health: -3/41      AC: 12    Str: 20    XL:     4   Next: 86%
Magic:  4/4        EV:  9    Int:  8    God:
Gold:   285        SH:  0    Dex: 10    Spells: 3/3 levels left

rFire   . . .      SeeInvis .   a - +1 war axe
rCold   . . .      Faith    .   c - +3 buckler
rNeg    . . .      Spirit   .   b - +0 scale mail
rPois   .          Reflect  +   (no helmet)
rElec   .          Harm     .   d - +0 cloak
rCorr   .          Rampage  .   (no gloves)
Will    .....                   (no boots)
Stlth   ..........              h - amulet of reflection
HPRegen 0.13/turn               f - +4 ring of protection
MPRegen 0.09/turn               n - ring of wizardry

@: confused, lethally poisoned (-3 -> -5), ambrosia-drunk
A: no striking features
a: Convert to Beogh


You were on level 4 of the Dungeon.
You visited 1 branch of the dungeon, and saw 4 of its levels.

You collected 285 gold pieces.

Inventory:

Hand Weapons
 a - a +1 war axe (weapon)
 l - a +1 dagger of holy wrath
Armour
 b - a +0 scale mail (worn)
 c - a +3 buckler (worn)
 d - a +0 cloak (worn)
Jewellery
 f - a +4 ring of protection (left hand)
 h - an amulet of reflection (around neck)
 n - a ring of wizardry (right hand)
Wands
 k - a wand of digging (7)
Scrolls
 q - a scroll of butterflies
 u - a scroll of enchant armour
Potions
 g - a potion of flight
 i - a potion of heal wounds {unknown}
 j - a potion of curing {unknown}
 m - 2 potions of haste {unknown}
 t - 2 potions of resistance {unknown}


   Skills:
 + Level 4.6 Fighting
 + Level 4.3 Axes
 + Level 3.8 Armour
 + Level 0.2 Dodging
 + Level 3.9 Shields


You had 3 spell levels left.
You didn't know any spells.
Your spell library contained the following spells:

 Spells                   Type           Power      Damage    Failure   Level
 Ensorcelled Hibernation  Hex/Ice        0%         N/A       65%         2
 Passwall                 Tmut/Erth      0%         N/A       65%         2
 Swiftness                Air            0%         N/A       86%         3


Dungeon Overview and Level Annotations

Branches:
Dungeon (4/15)
 Temple: D:4-7

Altars:

Shops:
D:1 [


Message History

The adder poisons you!
The orc priest hits you but does no damage.
The orc hits you but does no damage. Something hits you but does no damage.
The adder bites you but does no damage. The orc attacks as you move away!
The orc hits you but does no damage.
You feel less confused.
You feel sick. The orc priest hits you with a +0 mace.
* * * LOW HITPOINT WARNING * * *
Something hits you but does no damage.
You see here a quokka corpse.
Unknown command.
You miss the adder. You miss something. You barely miss the orc priest.
You hit the orc.
* * * LOW HITPOINT WARNING * * *
You feel sick. You block the adder's attack. You block the orc priest's attack.
The orc barely misses you. Something hits you but does no damage.
You block the adder's attack.
Unknown command.
You are confused.
You feel invigorated.
You feel sick.
The orc priest calls upon Beogh to heal the orc.
The orc's wounds heal themselves!
The orc hits you but does no damage. Something hits you.
* * * LOW HITPOINT WARNING * * *
The adder bites you but does no damage. The adder attacks as you move away!
The adder barely misses you.
The orc priest attacks as you move away!
The orc priest completely misses you.
You feel sick.
The orc priest threatens, "By the altar or by the axe, you will meet Beogh!"
You hear some strange, mumbled words.
A magic dart appears from out of thin air!
The magic dart hits you.
* * * LOW HITPOINT WARNING * * *
Unknown command.
You hit the orc priest but do no damage.
The orc priest is heavily wounded.
You closely miss something.
You feel sick.
The orc priest invokes the aid of Beogh against you.
Beogh smites you!
You die...

#..... .#
#.....#+#.#
#.........#
#.........#
.#.........# #.#
...........#....
......So.....#
..####o{..#....
#@...# # ##.#.#
#.#... ..###.#
... ... .#. ##
.# ..


You could see an orc priest, an adder and an orc.

Vanquished Creatures
  Crazy Yiuf (D:3)
  2 adders
  3 dart slugs (D:1)
  2 orcs
  2 bats
  An endoplasm (D:2)
  2 giant cockroaches (D:2)
  8 goblins
  5 hobgoblins
  4 jackals (D:2)
  4 quokkas
  4 ball pythons
  5 frilled lizards
  3 kobolds
  4 rats
50 creatures vanquished.

Vanquished Creatures (others)
  3 fungi (D:1)
  4 plants
  5 toadstools (D:1)
12 creatures vanquished.

Grand Total: 62 creatures vanquished

Notes
Turn   | Place    | Note
-------+----------+-------------------------------------------
     0 | D:1      | zeram the Hill Orc Fighter began the quest for the Orb.
     0 | D:1      | Reached XP level 1. HP: 19/19 MP: 1/1
   147 | D:1      | Reached XP level 2. HP: 16/27 MP: 2/2
   522 | D:1      | Found Veres's Armour Shoppe.
   931 | D:2      | Reached XP level 3. HP: 33/34 MP: 3/3
  2145 | D:3      | Found a runed translucent door.
  2146 | D:3      | Noticed Crazy Yiuf
  2315 | D:3      | Reached XP level 4. HP: 41/41 MP: 4/4
  2388 | D:3      | Found a faded altar of an unknown god.
  2505 | D:3      | Killed Crazy Yiuf
  2518 | D:3      | Identified a scroll of acquirement
  2518 | D:3      | Acquired an amulet of reflection
  2578 | D:4      | Killed from afar by an orc priest

Illustrated notes

Levels and vault maps discovered:
D:1:      minmay_arrival_doors, layout_rooms, serial_shops, shop,
          minmay_misc_feat_alley, minmay_gold_behind_fungi, serial_bayou_lake_a
D:2:      minmay_inner_zag, layout_basic, serial_rivers,
          chequers_serial_rivers_large_b, chequers_serial_rivers_micro_c,
          chequers_serial_rivers_micro_c, chequers_serial_rivers_large_a
D:3:      layout_basic, dilly_ecumenical_altar_fadedgnrine, serial_bayou_pond_a,
          uniq_crazy_yiuf_cottage
D:4:      layout_basic, kennysheep_little_box, portal_sewer_entry_c

Skill      XL: |  1  2  3  4 |
---------------+-------------+-----
Fighting       | 4 |  4.6
Axes           | 3 4 |  4.3
Armour         | |  3.8
Dodging        | |  0.2
Shields        | |  3.9

Action                   |  1- 3 |  4- 6 || total
-------------------------+-------+-------++-------
Melee: War axe           |   108 |    18 ||   126
  Use: Scroll            |     7 |     6 ||    13
       Potion            |       |     2 ||     2
Armor: Scale mail        |    45 |    27 ||    72
Dodge: Dodged            |    47 |    19 ||    66
Block: Buckler           |    30 |    18 ||    48
